 Dungeon Crawl Stone Soup version 0.24-a0-520-g8fd06ad (webtiles) character file.

Game seed: 7671583450774940783

56 Dorkslayer the Skirmisher (level 3, -1/30 HPs)
             Began as a Demonspawn Abyssal Knight on July 23, 2019.
             Was a Follower of Lugonu.
             Slain by an adder (4 damage)
             ... on level 3 of the Dungeon.
             The game lasted 00:10:58 (1651 turns).

Dorkslayer the Skirmisher (DsAK)                    Turns: 1651, Time: 00:10:59

Health: -1/30      AC:  4    Str: 18    XL:     3   Next: 69%
Magic:  4/4        EV: 17    Int: 11    God:    Lugonu [*.....]
Gold:   80         SH:  0    Dex: 17    Spells: 2/2 levels left

rFire    + . .     SeeInvis .   f - +0 broad axe
rCold    . . .     Gourm    .   (no shield)
rNeg     . . .     Faith    .   b - +1 leather armour
rPois    .         Spirit   .   (no helmet)
rElec    .         Reflect  .   (no cloak)
rCorr    .         Harm     .   (no gloves)
MR       .....                  (no boots)
Stlth    ++........             (no amulet)
HPRegen  0.10/turn              (no ring)
MPRegen  0.09/turn              (no ring)

@: mighty, agile, lethally poisoned (-1 -> -6)
A: claws 1, dopey 1, fire resistance 1, low mp 1
a: Depart the Abyss, Renounce Religion


You were on level 3 of the Dungeon.
You worshipped Lugonu.
Lugonu was aware of your devotion.
You were hungry.

You visited 1 branch of the dungeon, and saw 3 of its levels.
You visited the Abyss 1 time.

You collected 80 gold pieces.

Inventory:

Hand Weapons
 a - a +1 hand axe
 f - a +0 broad axe (weapon)
Armour
 b - a +1 leather armour (worn)
 p - a +0 scale mail
Jewellery
 e - a cursed amulet of guardian spirit {unknown}
Scrolls
 i - a scroll of identify {unknown}
 l - a scroll of enchant weapon {unknown}
 n - a scroll of teleportation {unknown}
 o - a scroll of fog {unknown}
Potions
 j - a potion of curing {unknown}
 m - a potion of cancellation {unknown}
Comestibles
 c - 6 rations


   Skills:
 * Level 3.9 Fighting
 * Level 2.5 Axes
 + Level 1.8 Armour
 + Level 1.2 Dodging
 * Level 2.7 Invocations


You had 2 spell levels left.
You didn't know any spells.
Your spell library was empty.

Dungeon Overview and Level Annotations

Branches:
Dungeon (3/15)

Altars:
Fedhas
Gozag
Trog
Xom
The Shining One


Innate Abilities, Weirdness & Mutations

You have sharp fingernails.
You are dopey. (Int -2)
Your flesh is heat resistant. (rF+)
Your magical capacity is low. (-10% MP)


Message History

* * * LOW HITPOINT WARNING * * *
You feel sick. The adder bites you but does no damage.
It was a potion of mutation.
You feel extremely strange.
You feel less energetic.
You feel stupid.
You feel resistant to heat.
* * * LOW HITPOINT WARNING * * *
You feel sick. The adder bites you but does no damage.
It was a potion of might.
You feel very mighty all of a sudden. The adder barely misses you. x2
Okay, then.
You barely miss the adder.
The adder is heavily wounded.
* * * LOW HITPOINT WARNING * * *
You feel sick. The adder closely misses you. The adder bites you.
* * * LOW HITPOINT WARNING * * *
It was a potion of agility.
You feel agile all of a sudden.
* * * LOW HITPOINT WARNING * * *
You feel sick. The adder bites you.
You die...

#+ #. #. ###. #
...
###.##.#########
....#...@S......
.#......########
...........<...
................
#........#......
#........#......
#........# .....
.........##.....
...#+#.#........


You could see an adder.

Vanquished Creatures
  An adder (D:2)
  An ooze (D:1)
  A worm (D:2)
  2 giant cockroaches (D:1)
  5 goblins
  5 hobgoblins
  5 jackals
  4 bats
  A frilled lizard (D:2)
  6 kobolds
  6 rats
37 creatures vanquished.

Notes
Turn   | Place    | Note
-------+----------+-------------------------------------------
     0 | Abyss:1  | Dorkslayer the Demonspawn Abyssal Knight began the quest
                  | for the Orb.
     0 | Abyss:1  | Reached XP level 1. HP: 18/18 MP: 2/2
    54 | Abyss:2  | Noticed a large abomination
    59 | D:1      | Escaped the Abyss
   142 | D:1      | Reached skill level 1 in Dodging
   142 | D:1      | Gained mutation: You have sharp fingernails. [demonic
                  | ancestry]
   142 | D:1      | Reached XP level 2. HP: 17/24 MP: 3/3
   277 | D:1      | Reached * piety under Lugonu
   809 | D:2      | Reached XP level 3. HP: 26/30 MP: 4/4
  1273 | D:2      | Found a glowing golden altar of the Shining One.
  1276 | D:2      | Found a bloodstained altar of Trog.
  1277 | D:2      | Found an opulent altar of Gozag.
  1439 | D:2      | Found a blossoming altar of Fedhas.
  1507 | D:2      | Found a shimmering altar of Xom.
  1648 | D:3      | Gained mutation: Your magical capacity is low. (-10% MP)
                  | [potion of mutation]
  1648 | D:3      | Gained mutation: You are dopey. (Int -2) [potion of
                  | mutation]
  1648 | D:3      | Gained mutation: Your flesh is heat resistant. (rF+)
                  | [potion of mutation]
  1651 | D:3      | Slain by an adder

Levels and vault maps discovered:
D:1:      minmay_arrival_loop, layout_loops_cross
D:2:      kennysheep_big_flooded_room, layout_loops_ring, minitemple,
          fedhas_altar_1, brannock_xom_greatest_gift, first_ration
D:3:      layout_basic, lemuel_zombie_altar_yredelemnul

Skill      XL: |  1  2 |
---------------+-------+-----
Dodging        | 1 |  1.2
Axes           | 2 |  2.5
Fighting       | |  3.9
Armour         | |  1.8
Invocations    | |  2.7

Action                   || total
-------------------------++-------
Melee: Broad axe         ||   121
Invok: Depart the Abyss  ||     1
  Use: Scroll            ||     2
       Potion            ||     4
  Eat: Chunk             ||     2
Armor: Leather armour    ||    56
Dodge: Dodged            ||    83

Table legend:
 A = Non-vault XP
 B = Vault XP
 C = Vault XP percentage of total XP
 D = Non-vault monster count
 E = Vault monster count
 F = Vault count percentage of total count
                 A         B        C        D         E       F
            +---------+---------+-------+---------+---------+-------
      Total |      76 |       4 |   5.0 |      35 |       2 |   5.4
            +---------+---------+-------+---------+---------+-------
        D:1 |      34 |       0 |   0.0 |      18 |       0 |   0.0
        D:2 |      42 |       4 |   8.7 |      17 |       2 |  10.5
            +---------+---------+-------+---------+---------+-------
